 Dungeon Crawl Stone Soup version 0.20.1-1-g8b1a95d (webtiles) character file.

172 ANON1729 the Firebug (level 5, 0/31 HPs)
             Began as an Octopode Fire Elementalist on Aug 8, 2017.
             Slain by a leopard gecko (4 damage)
             ... on level 3 of the Dungeon.
             The game lasted 00:06:37 (2952 turns).

ANON1729 the Firebug (Octopode Fire Elementalist)   Turns: 2952, Time: 00:06:37

Health: 0/31       AC:  1    Str:  7    XL:     5   Next: 53%
Magic:  8/9        EV: 13    Int: 18    God:
Gold:   90         SH:  0    Dex: 13    Spells: 2/10 levels left

rFire    + . .     SeeInvis .   n - +1 dagger (protect)
rCold    x . .     Gourm    .   (no shield)
rNeg     . . .     Faith    .   (helmet restricted)
rPois    .         Spirit   .   p - amulet of inaccuracy (curse)
rElec    .         Reflect  .   e - ring of stealth
rCorr    .         Harm     .   j - ring of fire
MR       .....                  (no ring)
Stlth    ++++......             (no ring)
Regen    0.1/turn               (no ring)
MPRegen  0.2/turn               (no ring)
                                (no ring)
                                (no ring)

@: no status effects
A: almost no armour, stealthy swim, amphibious, 8 rings, constrict 8, camouflage
1, gelatinous body 1
a: no special abilities


You were on level 3 of the Dungeon.
You were not hungry.

You visited 1 branch of the dungeon, and saw 4 of its levels.

You collected 90 gold pieces.

Inventory:

Hand Weapons
 n - a +1 dagger of protection (weapon)
Armour
 o - a +0 buckler
Jewellery
 e - a ring of stealth (left tentacle)
 j - a ring of fire (right tentacle)
 p - a cursed amulet of inaccuracy (around mantle)
 v - an uncursed amulet of regeneration {unknown}
Scrolls
 d - 3 scrolls of enchant armour {unknown}
 f - 2 scrolls of fog {unknown}
 m - 4 scrolls of identify {unknown}
 r - a scroll of teleportation {unknown}
 s - a scroll of random uselessness {unknown}
 t - a scroll of remove curse {unknown}
 u - a scroll of blinking {unknown}
Potions
 g - a potion of magic {unknown}
 h - 2 potions of lignification {unknown}
 k - 2 potions of haste {unknown}
 l - a potion of resistance {unknown}
 q - a potion of degeneration {unknown}
 x - a potion of flight {unknown}
Books
 a - a book of Flames

   Spells                             Type                      Level
   a - Flame Tongue                   Conjuration/Fire             1
   b - Throw Flame                    Conjuration/Fire             2
   c - Conjure Flame                  Conjuration/Fire             3
   d - Inner Flame                    Hexes/Fire                   3
   e - Sticky Flame                   Conjuration/Fire             4
   f - Fireball                       Conjuration/Fire             5
Comestibles
 b - 2 bread rations
 c - 11 chunks of flesh
 i - 2 meat rations
 w - a royal jelly


   Skills:
 - Level 2.0 Dodging
 - Level 2.6 Stealth
 + Level 3.0 Spellcasting
 + Level 3.2 Conjurations
 + Level 4.3 Fire Magic


You had 2 spell levels left.
You knew the following spells:

 Your Spells              Type           Power        Failure   Level  Hunger
a - Flame Tongue          Conj/Fire      ###..        3%          1    None
b - Conjure Flame         Conj/Fire      ###.....     11%         3    ###....
c - Sticky Flame          Conj/Fire      ###.....     34%         4    ####...


Dungeon Overview and Level Annotations

Branches:
Dungeon (4/15)
 Temple: D:4-7

Altars:


Innate Abilities, Weirdness & Mutations

You cannot wear most types of armour.
You are very stealthy in the water. (Stealth+)
You are amphibious.
You can wear up to eight rings at the same time.
You can use your tentacles to constrict eight enemies at once.
Your skin changes colour to match your surroundings (Stealth+).
Your rubbery body absorbs attacks. (AC +1, EV +1)


Message History

There is a stone staircase leading up, spattered with blood here.
The gnoll hits you from afar with a spear!
The gnoll barely misses you. The quokka skeleton barely misses you.
The leopard gecko bites you. The gnoll hits you with a club!
* * * LOW HITPOINT WARNING * * *
You climb upwards.
There is a stone staircase leading down here.
Okay, then.
Okay, then.
Unknown command.
Okay, then.
Casting: Flame Tongue
Confirm with . or Enter, or press ? or * to list all spells.
Aiming: Flame Tongue
Press: ? - help, Shift-Dir - straight line, f - leopard gecko
Aim: a leopard gecko You feel a surge of power!
The flame tongue misses the leopard gecko.
The leopard gecko bites you.
You die...

#...# ######...#
#....รท...####
#......#.....
#......######
#......# ########
##################
#@g...............
#l################
#.# ##### #.#
#...#
#.############.#.#
#.................
#............#.#.#
############.#.#.#
##..........#)#..


You could see a gnoll and a leopard gecko.

Vanquished Creatures
  Terence (D:2)
  A gnoll (D:3)
  4 adders
  An ooze (D:2)
  6 worms
  6 dart slugs
  A leopard gecko (D:2)
  2 orcs (D:3)
  6 bats
  7 giant cockroaches
  5 goblins
  10 hobgoblins
  3 jackals (D:3)
  3 quokkas
  4 frilled lizards
  4 kobolds
  3 rats
67 creatures vanquished.

Vanquished Creatures (others)
  5 toadstools (D:1)
5 creatures vanquished.

Grand Total: 72 creatures vanquished

Notes
Turn   | Place    | Note
-------+----------+-------------------------------------------
     0 | D:1      | ANON1729 the Octopode Fire Elementalist began the quest for the Orb.
     0 | D:1      | Reached XP level 1. HP: 11/11 MP: 3/3
    73 | D:1      | Reached XP level 2. HP: 17/17 MP: 5/5
   678 | D:2      | Noticed Terence
  1021 | D:2      | Reached XP level 3. HP: 13/21 MP: 2/6
  1730 | D:2      | Reached XP level 4. HP: 18/27 MP: 7/7
  2027 | D:2      | Learned a level 3 spell: Conjure Flame
  2032 | D:2      | Learned a level 4 spell: Sticky Flame
  2045 | D:2      | Killed Terence
  2045 | D:2      | Reached skill level 4 in Fire Magic
  2269 | D:3      | Reached XP level 5. HP: 31/31 MP: 9/9
  2952 | D:3      | Slain by a leopard gecko

Skill      XL: |  1  2  3  4  5 |
---------------+----------------+-----
Conjurations   | 2 3 |  3.2
Fire Magic     | 4 |  4.3
Spellcasting   | 3 |  3.0
Dodging        | |  2.0
Stealth        | |  2.6

Action                   |  1- 3 |  4- 6 || total
-------------------------+-------+-------++-------
Melee: Unarmed           |    27 |       ||    27
       Constrict         |    16 |    22 ||    38
       Tentacles         |    10 |    16 ||    26
       Dagger            |    36 |   115 ||   151
 Cast: Flame Tongue      |    19 |     5 ||    24
       Sticky Flame      |       |     1 ||     1
 Stab: Sleeping          |    11 |    14 ||    25
  Eat: Chunk             |     3 |     4 ||     7
Armor: Skin              |    13 |    14 ||    27
Dodge: Dodged            |    48 |    79 ||   127
